Manchots vs Little Stars
Created - 16 décembre 2013 at 19:02
Goals
|
| Manchots |
3 |
0 |
0 |
3 |
| Little Stars |
0 |
1 |
1 |
2 |
|
Shots
|
| Manchots |
9 |
18 |
10 |
37 |
| Little Stars |
15 |
14 |
12 |
41 |
|
1st period
1. Manchots , Tyler Ennis 20 (Alexander Radulov, Martin Hanzal) at 9:44
2. Manchots , Tyler Ennis 21 (Martin Hanzal) at 10:22 (PP)
3. Manchots , Alexander Radulov 18 (Tyler Ennis, Pernell Karl Subban) at 11:30
Penalties :
Michael Del Zotto (Out) for Roughing (Minor) at 6:43, Oskar Osala (Tex) for Holding (Minor) at 10:20, Jamie Benn (Out) for Interference (Minor) at 19:10
2nd period
4. Little Stars , Brendan Bell 2 (Pierre Dagenais, Patrick O'Sullivan) at 6:31
Penalties :
Boris Valabik (Tex) for Holding (Minor) at 4:10, Patrick O'Sullivan (Tex) for Slashing (Minor) at 18:42, Jimmy Hayes (Tex) for Hooking (Minor) at 18:59
3rd period
5. Little Stars , T.J. Oshie 12 (Oskar Osala) at 3:13
Penalties :
Shawn Thornton (Tex) for Holding (Minor) at 13:38
Goalie Stats
Sebastien Caron (Out), 39 saves from 41 shots - (0,951), W, 14-5-3, 60:00 minutes
Alex Auld (Tex), 34 saves from 37 shots - (0,919), L, 11-9-0, 59:00 minutes
Players Stats for Manchots
Player Name G A P +/- PIM S H SB GA TA FO MP PP MP PK MP
------------------------------------------------------------------------------------
Aaron Ward 0 0 0 1 0 3 0 1 0 0 0/0 22:08 2:29 2:50
Alexander Radulov 1 1 2 2 0 7 0 0 2 0 1/1 18:35 2:04 0:00
Ben Eager 0 0 0 0 0 0 3 0 0 0 0/0 8:11 0:54 0:16
Bobby Butler 0 0 0 -1 0 1 1 0 0 0 0/0 11:09 0:17 0:00
Bryan Allen 0 0 0 -1 0 2 0 2 1 0 0/0 21:10 3:35 2:50
Cal Clutterbuck 0 0 0 0 0 2 0 0 0 0 0/0 6:17 0:00 0:00
Eric Gryba 0 0 0 -1 0 2 0 1 0 2 0/0 16:45 0:12 1:08
Jamie Benn 0 0 0 -1 2 0 2 0 0 0 0/0 16:46 2:04 0:00
Logan Couture 0 0 0 2 0 3 4 0 0 0 13/22 18:55 2:03 0:09
Martin Hanzal 0 2 2 -1 0 1 5 0 0 0 9/21 19:45 4:09 1:06
Michael Del Zotto 0 0 0 1 2 1 1 2 0 0 0/0 16:27 2:29 0:00
Pernell Karl Subban 0 1 1 0 0 1 4 0 0 1 0/0 23:43 3:35 0:00
Petr Sykora 0 0 0 -1 0 3 2 1 0 1 0/0 21:18 3:55 2:36
Riley Armstrong 0 0 0 -1 0 1 2 0 0 0 4/8 10:45 0:04 0:00
Ruslan Fedotenko 0 0 0 -1 0 1 1 1 0 0 0/0 13:20 0:00 1:15
Stanislav Neckar 0 0 0 0 0 1 1 0 0 0 0/0 19:49 0:12 1:08
Tyler Ennis 2 1 3 2 0 7 2 0 0 2 1/1 20:52 3:18 0:00
Tyler Kennedy 0 0 0 0 0 1 0 0 0 0 2/8 10:05 0:00 2:34
Players Stats for Little Stars
Player Name G A P +/- PIM S H SB GA TA FO MP PP MP PK MP
------------------------------------------------------------------------------------
Alexander Vasyunov 0 0 0 0 0 1 1 0 0 0 0/1 9:03 0:00 0:37
Boris Valabik 0 0 0 0 2 1 1 3 0 0 0/0 17:52 1:30 2:12
Brendan Bell 1 0 1 2 0 2 4 3 2 0 0/0 25:47 2:28 2:58
Cameron Schilling 0 0 0 -2 0 0 0 0 0 0 0/0 10:20 0:00 0:00
Clay Wilson 0 0 0 0 0 1 0 0 0 0 0/0 18:45 1:30 3:07
Cody Bass 0 0 0 1 0 1 1 0 0 0 6/12 17:14 1:38 1:25
Corey Trivino 0 0 0 0 0 2 1 0 0 0 3/6 8:24 0:00 0:00
Jared Spurgeon 0 0 0 -2 0 1 0 1 0 0 0/0 11:47 0:00 1:06
Jimmy Hayes 0 0 0 0 2 2 1 0 0 0 1/1 9:48 0:00 1:24
Marco Sturm 0 0 0 0 0 1 3 0 0 0 0/1 21:33 2:20 2:10
Matt Halischuk 0 0 0 -1 0 2 1 0 0 0 0/0 10:08 0:00 0:00
Matt Pelech 0 0 0 0 0 0 0 0 0 0 0/0 5:08 0:00 0:11
Oskar Osala 0 1 1 1 2 2 1 0 1 1 0/1 15:46 1:38 0:00
Patrick O'Sullivan 0 1 1 0 2 7 1 0 2 0 18/32 21:32 2:20 2:10
Paul Postma 0 0 0 0 0 1 0 0 0 0 0/0 4:36 0:00 0:00
Pierre Dagenais 0 1 1 0 0 8 2 0 1 0 2/5 20:14 2:20 0:54
Robert Czarnik 0 0 0 0 0 0 0 0 0 0 0/0 0:00 0:00 0:00
Shawn Thornton 0 0 0 -1 2 1 2 0 0 2 0/0 10:45 0:00 0:36
T.J. Oshie 1 0 1 1 0 5 0 0 0 0 1/1 16:41 1:38 0:54
Tim Ramholt 0 0 0 2 0 1 0 4 0 0 0/0 25:47 2:28 2:58
Tyler Haskins 0 0 0 -1 0 2 0 0 0 0 0/1 10:47 0:00 0:39
3 Stars
1 - Tyler Ennis (Out)
2 - Brendan Bell (Tex)
3 - Alexander Radulov (Out)
Power Play
Manchots - 1 on 5 Attempt(s) - 20,00%
Little Stars - 0 on 2 Attempt(s) - 0,00%
Penalty Kill
Manchots - 2 on 2 Attempt(s) - 100,00%
- Score 0 goal in Penalty Kill
Little Stars - 4 on 5 Attempt(s) - 80,00%
- Score 0 goal in Penalty Kill
Official
Referees : Rehman Kyle and Pochmara Brian
Linesman : Brad Lazarowich and Dan Schachte
Game Notes
No Game Note
Finance
Level 1 -- Attendance: 1428 (71,40%) -- Ticket Income 49 980 $
Level 2 -- Attendance: 830 (83,00%) -- Ticket Income 12 450 $
Total Attendance: 2258 (75,27%)
Total Ticket Income: 62 430 $
Other Income: 3 122 $
Total Income: 65 552 $
Manchots
5 vs 5 Forward
Center Left Wing Right Wing Time % Phy DF OF
1 Logan Couture Tyler Ennis Alexander Radulov 40 1 1 3
2 Martin Hanzal Jamie Benn Petr Sykora 38 1 1 3
3 Riley Armstrong Ruslan Fedotenko Bobby Butler 21 1 2 2
4 Tyler Kennedy Ben Eager Cal Clutterbuck 1 1 2 2
5 vs 5 Defense
Defense Defense Time % Phy DF OF
1 Pernell Karl Subban Stanislav Neckar 40 1 2 2
2 Aaron Ward Michael Del Zotto 29 1 2 2
3 Bryan Allen Eric Gryba 18 1 2 2
4 Pernell Karl Subban Aaron Ward 13 1 2 2
PowerPlay Forward
Center Left Wing Right Wing Time % Phy DF OF
1 Martin Hanzal Tyler Ennis Petr Sykora 60 1 1 3
2 Logan Couture Jamie Benn Alexander Radulov 40 1 1 3
PowerPlay Defense
Defense Defense Time % Phy DF OF
1 Bryan Allen Pernell Karl Subban 60 1 1 3
2 Michael Del Zotto Aaron Ward 40 1 1 3
Penalty Kill 4 Players Forward
Center Wing Time % Phy DF OF
1 Tyler Kennedy Petr Sykora 60 1 3 1
2 Martin Hanzal Ruslan Fedotenko 40 1 3 1
Penalty Kill 4 Players Defense
Defense Defense Time % Phy DF OF
1 Bryan Allen Aaron Ward 60 1 3 1
2 Stanislav Neckar Eric Gryba 40 1 3 1
Penalty Kill - 3 Players Forward
Forward Time % Phy DF OF
1 Ruslan Fedotenko 60 1 3 1
2 Martin Hanzal 40 1 3 1
Penalty Kill - 3 Players Defense
Defense Defense Time % Phy DF OF
1 Aaron Ward Bryan Allen 60 1 3 1
2 Eric Gryba Stanislav Neckar 40 1 3 1
4 vs 4 Forward
Center Wing Time % Phy DF OF
1 Martin Hanzal Tyler Ennis 60 1 1 3
2 Logan Couture Alexander Radulov 40 1 1 3
4 vs 4 Defense
Defense Defense Time % Phy DF OF
1 Pernell Karl Subban Bryan Allen 60 1 1 3
2 Michael Del Zotto Aaron Ward 40 1 1 3
Last Minutes Offensive
Center Left Wing Right Wing Defense Defense
Martin Hanzal Tyler Ennis Alexander Radulov Michael Del Zotto Pernell Karl Subban
Last Minutes Defensive
Center Left Wing Right Wing Defense Defense
Tyler Kennedy Ruslan Fedotenko Petr Sykora Aaron Ward Stanislav Neckar
Goaltenders
Starting : Sebastien Caron
Backup : Anders Lindback
Extra Forwards
Normal : Logan Couture, Martin Hanzal, Tyler Ennis - PP : Martin Hanzal, Alexander Radulov - PK : Ruslan Fedotenko
Extra Defensemen
Normal : Stanislav Neckar, Pernell Karl Subban, Aaron Ward - PP : Michael Del Zotto - PK : Stanislav Neckar, Aaron Ward
Penalty Shots
Ruslan Fedotenko, Tyler Ennis, Petr Sykora, Alexander Radulov, Martin Hanzal
Little Stars
5 vs 5 Forward
Center Left Wing Right Wing Time % Phy DF OF
1 Patrick O'Sullivan Marco Sturm Pierre Dagenais 40 1 2 2
2 Cody Bass Oskar Osala T.J. Oshie 30 1 2 2
3 Tyler Haskins Shawn Thornton Matt Halischuk 20 1 2 2
4 Corey Trivino Alexander Vasyunov Jimmy Hayes 10 1 2 2
5 vs 5 Defense
Defense Defense Time % Phy DF OF
1 Brendan Bell Tim Ramholt 40 1 2 2
2 Boris Valabik Clay Wilson 30 1 2 2
3 Cameron Schilling Jared Spurgeon 20 1 2 2
4 Matt Pelech Paul Postma 10 1 2 2
PowerPlay Forward
Center Left Wing Right Wing Time % Phy DF OF
1 Patrick O'Sullivan Marco Sturm Pierre Dagenais 60 1 2 2
2 Cody Bass Oskar Osala T.J. Oshie 40 1 2 2
PowerPlay Defense
Defense Defense Time % Phy DF OF
1 Brendan Bell Tim Ramholt 60 1 2 2
2 Boris Valabik Clay Wilson 40 1 2 2
Penalty Kill 4 Players Forward
Center Wing Time % Phy DF OF
1 Patrick O'Sullivan Marco Sturm 60 1 2 2
2 Pierre Dagenais T.J. Oshie 40 1 2 2
Penalty Kill 4 Players Defense
Defense Defense Time % Phy DF OF
1 Brendan Bell Tim Ramholt 60 1 2 2
2 Boris Valabik Clay Wilson 40 1 2 2
Penalty Kill - 3 Players Forward
Forward Time % Phy DF OF
1 Patrick O'Sullivan 60 1 2 2
2 Marco Sturm 40 1 2 2
Penalty Kill - 3 Players Defense
Defense Defense Time % Phy DF OF
1 Brendan Bell Tim Ramholt 60 1 2 2
2 Boris Valabik Clay Wilson 40 1 2 2
4 vs 4 Forward
Center Wing Time % Phy DF OF
1 Patrick O'Sullivan Marco Sturm 60 1 2 2
2 Pierre Dagenais T.J. Oshie 40 1 2 2
4 vs 4 Defense
Defense Defense Time % Phy DF OF
1 Brendan Bell Tim Ramholt 60 1 2 2
2 Boris Valabik Clay Wilson 40 1 2 2
Last Minutes Offensive
Center Left Wing Right Wing Defense Defense
Patrick O'Sullivan Marco Sturm Pierre Dagenais Brendan Bell Tim Ramholt
Last Minutes Defensive
Center Left Wing Right Wing Defense Defense
Patrick O'Sullivan Marco Sturm Pierre Dagenais Brendan Bell Tim Ramholt
Goaltenders
Starting : Alex Auld
Backup : Justin Pogge
Extra Forwards
Normal : Shawn Thornton, Matt Halischuk, Jimmy Hayes - PP : Shawn Thornton, Matt Halischuk - PK : Jimmy Hayes
Extra Defensemen
Normal : Cameron Schilling, Jared Spurgeon, Matt Pelech - PP : Cameron Schilling - PK : Jared Spurgeon, Matt Pelech
Penalty Shots
Patrick O'Sullivan, Marco Sturm, Pierre Dagenais, T.J. Oshie, Oskar Osala
% Time on Ice - Manchots
Lines # - Real PCT - Wanted PCT - Time Play
Normal Forward
1 - 33% - 40% - 16:01
2 - 32% - 38% - 15:37
3 - 22% - 21% - 10:41
4 - 13% - 1% - 6:17
Normal Defense
1 - 37% - 40% - 17:50
2 - 29% - 29% - 14:19
3 - 28% - 18% - 13:51
4 - 5% - 13% - 2:36
PP Forward
1 - 67% - 60% - 4:12
2 - 33% - 40% - 2:04
PP Defense
1 - 60% - 60% - 3:47
2 - 40% - 40% - 2:29
PK Forward
1 - 72% - 60% - 2:52
2 - 28% - 40% - 1:06
PK Defense
1 - 71% - 60% - 2:50
2 - 29% - 40% - 1:08
PK3 Forward
1 - 0% - 60%
2 - 0% - 40%
PK3 Defense
1 - 0% - 60%
2 - 0% - 40%
44 Forward
1 - 0% - 60%
2 - 0% - 40%
44 Defense
1 - 0% - 60%
2 - 0% - 40%
Last Minute Offensive - 0:00
Last Minute Defensive - 1:10
Total
Forward - 60:00
Defense - 60:00
|
% Time on Ice - Little Stars
Lines # - Real PCT - Wanted PCT - Time Play
Normal Forward
1 - 33% - 40% - 15:58
2 - 29% - 30% - 14:09
3 - 21% - 20% - 10:08
4 - 17% - 10% - 8:24
Normal Defense
1 - 42% - 40% - 20:25
2 - 29% - 30% - 14:08
3 - 20% - 20% - 9:30
4 - 9% - 10% - 4:36
PP Forward
1 - 59% - 60% - 2:20
2 - 41% - 40% - 1:38
PP Defense
1 - 62% - 60% - 2:28
2 - 38% - 40% - 1:30
PK Forward
1 - 80% - 60% - 3:40
2 - 20% - 40% - 0:54
PK Defense
1 - 43% - 60% - 1:59
2 - 57% - 40% - 2:35
PK3 Forward
1 - 100% - 60% - 1:42
2 - 0% - 40% - 0:00
PK3 Defense
1 - 69% - 60% - 1:10
2 - 31% - 40% - 0:32
44 Forward
1 - 0% - 60%
2 - 0% - 40%
44 Defense
1 - 0% - 60%
2 - 0% - 40%
Last Minute Offensive - 1:07
Last Minute Defensive - 0:00
Total
Forward - 60:00
Defense - 60:00
|
Play by Play
1st period
0:01 of 1st period - Patrick O'Sullivan wins face-off versus Logan Couture in neutral zone.
0:28 of 1st period - Wrist shot by Patrick O'Sullivan.
0:28 of 1st period - Stopped by Sebastien Caron without a rebound.
0:29 of 1st period - Martin Hanzal wins face-off versus Cody Bass in Manchots zone.
1:07 of 1st period - Snap shot by Bobby Butler.
1:07 of 1st period - Stopped by Alex Auld with a rebound.
1:42 of 1st period - Stanislav Neckar is hit by Marco Sturm and loses puck.
1:53 of 1st period - Marco Sturm is hit by Ben Eager and loses puck.
2:04 of 1st period - Pierre Dagenais is hit by Pernell Karl Subban and loses puck.
2:19 of 1st period - Snap shot by Patrick O'Sullivan.
2:19 of 1st period - Shot Misses the Net.
2:29 of 1st period - Snap shot by Patrick O'Sullivan.
2:29 of 1st period - Shot Misses the Net.
2:45 of 1st period - Wrist shot by Patrick O'Sullivan.
2:45 of 1st period - Stopped by Sebastien Caron with a rebound.
2:47 of 1st period - Snap shot by Marco Sturm.
2:47 of 1st period - Shot Misses the Net.
2:57 of 1st period - Wrist shot by Pierre Dagenais.
2:57 of 1st period - Shot Misses the Net.
2:59 of 1st period - Slapshot by Pierre Dagenais.
2:59 of 1st period - Deflect By Patrick O'Sullivan.
2:59 of 1st period - Stopped by Sebastien Caron with a rebound.
3:03 of 1st period - Snap shot by Pierre Dagenais.
3:03 of 1st period - Stopped by Sebastien Caron without a rebound.
3:04 of 1st period - Logan Couture wins face-off versus Oskar Osala in Manchots zone.
3:50 of 1st period - Backhand shot by Cal Clutterbuck.
3:50 of 1st period - Stopped by Alex Auld without a rebound.
3:51 of 1st period - Tyler Kennedy wins face-off versus Corey Trivino in Little Stars zone.
3:56 of 1st period - Slapshot by Tyler Kennedy.
3:56 of 1st period - Shot Misses the Net.
4:45 of 1st period - Wrist shot by Ruslan Fedotenko.
4:45 of 1st period - Shot Misses the Net.
5:23 of 1st period - Snap shot by Petr Sykora.
5:23 of 1st period - Shot Blocked by Tim Ramholt.
5:25 of 1st period - Snap shot by Tyler Ennis.
5:25 of 1st period - Shot Misses the Net.
5:27 of 1st period - Snap shot by Aaron Ward.
5:27 of 1st period - Shot Misses the Net.
5:29 of 1st period - Wrist shot by Logan Couture.
5:29 of 1st period - Stopped by Alex Auld with a rebound.
5:31 of 1st period - Slapshot by Aaron Ward.
5:31 of 1st period - Stopped by Alex Auld without a rebound.
5:32 of 1st period - Patrick O'Sullivan wins face-off versus Riley Armstrong in Little Stars zone.
5:32 of 1st period - Patrick O'Sullivan is hit by Pernell Karl Subban.
6:08 of 1st period - Wrist shot by Tyler Ennis.
6:08 of 1st period - Shot Blocked by Boris Valabik.
6:28 of 1st period - Snap shot by Martin Hanzal.
6:28 of 1st period - Shot Blocked by Boris Valabik.
6:38 of 1st period - Wrist shot by Alexander Vasyunov.
6:38 of 1st period - Shot Misses the Net.
6:40 of 1st period - Slapshot by Clay Wilson.
6:40 of 1st period - Stopped by Sebastien Caron without a rebound.
6:41 of 1st period - Corey Trivino wins face-off versus Tyler Kennedy in Manchots zone.
6:43 of 1st period - Minor Penalty to Michael Del Zotto for Roughing.
6:44 of 1st period - Tyler Kennedy wins face-off versus Marco Sturm in Manchots zone.
7:14 of 1st period - Off-side.
7:15 of 1st period - Martin Hanzal wins face-off versus Cody Bass in neutral zone.
8:43 of 1st period - Penalty to Michael Del Zotto is over, Michael Del Zotto is back on ice.
9:44 of 1st period - Snap shot by Tyler Ennis.
9:44 of 1st period - Goal by Tyler Ennis - Manchots : 1 - Little Stars : 0.
9:45 of 1st period - Logan Couture wins face-off versus Patrick O'Sullivan in neutral zone.
9:48 of 1st period - Backhand shot by Tyler Ennis.
9:48 of 1st period - Stopped by Alex Auld with a rebound.
10:20 of 1st period - Minor Penalty to Oskar Osala for Holding.
10:21 of 1st period - Martin Hanzal wins face-off versus Patrick O'Sullivan in Little Stars zone.
10:22 of 1st period - Backhand shot by Tyler Ennis.
10:22 of 1st period - Goal by Tyler Ennis - Manchots : 2 - Little Stars : 0.
10:23 of 1st period - Logan Couture wins face-off versus Patrick O'Sullivan in neutral zone.
10:27 of 1st period - Off-side.
10:28 of 1st period - Logan Couture wins face-off versus Patrick O'Sullivan in neutral zone.
10:42 of 1st period - Off-side.
10:43 of 1st period - Cody Bass wins face-off versus Martin Hanzal in neutral zone.
10:54 of 1st period - Wrist shot by T.J. Oshie.
10:54 of 1st period - Stopped by Sebastien Caron without a rebound.
10:55 of 1st period - Patrick O'Sullivan wins face-off versus Logan Couture in Manchots zone.
10:56 of 1st period - Snap shot by Pierre Dagenais.
10:56 of 1st period - Stopped by Sebastien Caron with a rebound.
10:58 of 1st period - Snap shot by Marco Sturm.
10:58 of 1st period - Shot Misses the Net.
11:04 of 1st period - Snap shot by Pierre Dagenais.
11:04 of 1st period - Deflect By Marco Sturm.
11:04 of 1st period - Stopped by Sebastien Caron without a rebound.
11:05 of 1st period - Patrick O'Sullivan wins face-off versus Logan Couture in Manchots zone.
11:17 of 1st period - Logan Couture is hit by Patrick O'Sullivan and loses puck.
11:30 of 1st period - Wrist shot by Alexander Radulov.
11:30 of 1st period - Goal by Alexander Radulov - Manchots : 3 - Little Stars : 0.
11:31 of 1st period - Martin Hanzal wins face-off versus Patrick O'Sullivan in neutral zone.
11:50 of 1st period - Patrick O'Sullivan is hit by Martin Hanzal and loses puck.
12:43 of 1st period - Jared Spurgeon is hit by Ben Eager and loses puck.
12:52 of 1st period - Ben Eager is hit by Alexander Vasyunov and loses puck.
13:05 of 1st period - Backhand shot by Patrick O'Sullivan.
13:05 of 1st period - Stopped by Sebastien Caron without a rebound.
13:06 of 1st period - Martin Hanzal wins face-off versus Patrick O'Sullivan in Manchots zone.
13:11 of 1st period - Jamie Benn is hit by Marco Sturm and loses puck.
14:13 of 1st period - Snap shot by Tyler Haskins.
14:13 of 1st period - Stopped by Sebastien Caron without a rebound.
14:14 of 1st period - Corey Trivino wins face-off versus Tyler Kennedy in Manchots zone.
14:25 of 1st period - Wrist shot by Tyler Kennedy.
14:25 of 1st period - Shot Blocked by Brendan Bell.
14:27 of 1st period - Snap shot by Tyler Kennedy.
14:27 of 1st period - Stopped by Alex Auld with a rebound.
14:41 of 1st period - Michael Del Zotto is hit by Oskar Osala and loses puck.
14:46 of 1st period - Wrist shot by T.J. Oshie.
14:46 of 1st period - Shot Blocked by Michael Del Zotto.
15:00 of 1st period - Wrist shot by Tyler Kennedy.
15:00 of 1st period - Deflect By Ben Eager.
15:00 of 1st period - Shot Misses the Net.
15:00 of 1st period - Puck is out of play.
15:01 of 1st period - Martin Hanzal wins face-off versus Patrick O'Sullivan in Little Stars zone.
15:33 of 1st period - Boris Valabik is hit by Logan Couture and loses puck.
16:10 of 1st period - Tyler Ennis is hit by Brendan Bell and loses puck.
16:33 of 1st period - Backhand shot by Pierre Dagenais.
16:33 of 1st period - Stopped by Sebastien Caron with a rebound.
16:35 of 1st period - Snap shot by Pierre Dagenais.
16:35 of 1st period - Stopped by Sebastien Caron with a rebound.
16:37 of 1st period - Slapshot by Marco Sturm.
16:37 of 1st period - Deflect By Pierre Dagenais.
16:37 of 1st period - Shot Misses the Net.
16:37 of 1st period - Puck is out of play.
16:38 of 1st period - Riley Armstrong wins face-off versus Pierre Dagenais in Manchots zone.
17:03 of 1st period - Cody Bass is hit by Stanislav Neckar and loses puck.
17:21 of 1st period - Off-side.
17:22 of 1st period - Logan Couture wins face-off versus Tyler Haskins in neutral zone.
17:48 of 1st period - Marco Sturm is hit by Petr Sykora and loses puck.
18:09 of 1st period - Snap shot by Tyler Kennedy.
18:09 of 1st period - Shot Misses the Net.
18:17 of 1st period - Ben Eager is hit by Boris Valabik and loses puck.
18:38 of 1st period - Slapshot by Riley Armstrong.
18:38 of 1st period - Shot Blocked by Jared Spurgeon.
18:44 of 1st period - Snap shot by Jimmy Hayes.
18:44 of 1st period - Stopped by Sebastien Caron with a rebound.
19:10 of 1st period - Minor Penalty to Jamie Benn for Interference.
19:11 of 1st period - Patrick O'Sullivan wins face-off versus Tyler Kennedy in Manchots zone.
19:18 of 1st period - Snap shot by Pierre Dagenais.
19:18 of 1st period - Shot Misses the Net.
19:20 of 1st period - Snap shot by Brendan Bell.
19:20 of 1st period - Stopped by Sebastien Caron with a rebound.
19:22 of 1st period - Slapshot by Tim Ramholt.
19:22 of 1st period - Stopped by Sebastien Caron with a rebound.
19:40 of 1st period - Aaron Ward is hit by Cody Bass and loses puck.
19:45 of 1st period - Snap shot by T.J. Oshie.
19:45 of 1st period - Shot Blocked by Petr Sykora.
2nd period
0:01 of 2nd period - Patrick O'Sullivan wins face-off versus Tyler Kennedy in neutral zone.
1:10 of 2nd period - Penalty to Jamie Benn is over, Jamie Benn is back on ice.
1:16 of 2nd period - Wrist shot by Alexander Radulov.
1:16 of 2nd period - Stopped by Alex Auld with a rebound.
1:38 of 2nd period - Alexander Vasyunov is hit by Riley Armstrong and loses puck.
2:26 of 2nd period - Tim Ramholt is hit by Pernell Karl Subban and loses puck.
2:47 of 2nd period - Snap shot by Matt Halischuk.
2:47 of 2nd period - Shot Misses the Net.
2:49 of 2nd period - Wrist shot by Cameron Schilling.
2:49 of 2nd period - Shot Misses the Net.
2:51 of 2nd period - Wrist shot by Matt Halischuk.
2:51 of 2nd period - Stopped by Sebastien Caron with a rebound.
2:53 of 2nd period - Wrist shot by Cameron Schilling.
2:53 of 2nd period - Shot Blocked by Aaron Ward.
3:03 of 2nd period - Snap shot by Tyler Kennedy.
3:03 of 2nd period - Shot Misses the Net.
3:17 of 2nd period - Michael Del Zotto is hit by Jimmy Hayes and loses puck.
3:27 of 2nd period - Aaron Ward is hit by Brendan Bell and loses puck.
3:34 of 2nd period - Tyler Ennis is hit by Marco Sturm and loses puck.
4:09 of 2nd period - Slapshot by T.J. Oshie.
4:09 of 2nd period - Shot Misses the Net.
4:10 of 2nd period - Minor Penalty to Boris Valabik for Holding.
4:11 of 2nd period - Patrick O'Sullivan wins face-off versus Martin Hanzal in Little Stars zone.
4:44 of 2nd period - Patrick O'Sullivan is hit by Jamie Benn and loses puck.
5:56 of 2nd period - Alexander Radulov is hit by Pierre Dagenais and loses puck.
6:10 of 2nd period - Penalty to Boris Valabik is over, Boris Valabik is back on ice.
6:12 of 2nd period - Icing by Riley Armstrong.
6:13 of 2nd period - T.J. Oshie wins face-off versus Riley Armstrong in Manchots zone.
6:22 of 2nd period - Snap shot by T.J. Oshie.
6:22 of 2nd period - Stopped by Sebastien Caron with a rebound.
6:24 of 2nd period - Slapshot by Paul Postma.
6:24 of 2nd period - Stopped by Sebastien Caron with a rebound.
6:26 of 2nd period - Wrist shot by Oskar Osala.
6:26 of 2nd period - Stopped by Sebastien Caron without a rebound.
6:27 of 2nd period - Patrick O'Sullivan wins face-off versus Riley Armstrong in Manchots zone.
6:31 of 2nd period - Slapshot by Brendan Bell.
6:31 of 2nd period - Goal by Brendan Bell - Manchots : 3 - Little Stars : 1.
6:32 of 2nd period - Patrick O'Sullivan wins face-off versus Martin Hanzal in neutral zone.
7:20 of 2nd period - Snap shot by Pierre Dagenais.
7:20 of 2nd period - Stopped by Sebastien Caron with a rebound.
7:22 of 2nd period - Snap shot by Pierre Dagenais.
7:22 of 2nd period - Stopped by Sebastien Caron without a rebound.
7:23 of 2nd period - Cody Bass wins face-off versus Martin Hanzal in Manchots zone.
7:24 of 2nd period - Wrist shot by T.J. Oshie.
7:24 of 2nd period - Shot Misses the Net.
7:54 of 2nd period - Wrist shot by Shawn Thornton.
7:54 of 2nd period - Stopped by Sebastien Caron with a rebound.
8:08 of 2nd period - Wrist shot by Alexander Vasyunov.
8:08 of 2nd period - Stopped by Sebastien Caron without a rebound.
8:09 of 2nd period - Riley Armstrong wins face-off versus Corey Trivino in Manchots zone.
8:09 of 2nd period - Riley Armstrong is hit by Corey Trivino.
8:42 of 2nd period - Snap shot by T.J. Oshie.
8:42 of 2nd period - Stopped by Sebastien Caron with a rebound.
9:00 of 2nd period - Pierre Dagenais is hit by Martin Hanzal.
9:27 of 2nd period - Snap shot by Logan Couture.
9:27 of 2nd period - Stopped by Alex Auld without a rebound.
9:28 of 2nd period - Pierre Dagenais wins face-off versus Martin Hanzal in Little Stars zone.
10:03 of 2nd period - Slapshot by T.J. Oshie.
10:03 of 2nd period - Stopped by Sebastien Caron without a rebound.
10:04 of 2nd period - Martin Hanzal wins face-off versus Patrick O'Sullivan in Manchots zone.
10:13 of 2nd period - Snap shot by Petr Sykora.
10:13 of 2nd period - Stopped by Alex Auld with a rebound.
10:15 of 2nd period - Slapshot by Bryan Allen.
10:15 of 2nd period - Shot Blocked by Brendan Bell.
10:17 of 2nd period - Slapshot by Bryan Allen.
10:17 of 2nd period - Deflect By Brendan Bell.
10:17 of 2nd period - Stopped by Alex Auld without a rebound.
10:18 of 2nd period - Logan Couture wins face-off versus Cody Bass in Little Stars zone.
10:19 of 2nd period - Snap shot by Tyler Ennis.
10:19 of 2nd period - Stopped by Alex Auld with a rebound.
10:21 of 2nd period - Snap shot by Stanislav Neckar.
10:21 of 2nd period - Shot Blocked by Tim Ramholt.
10:23 of 2nd period - Slapshot by Pernell Karl Subban.
10:23 of 2nd period - Shot Misses the Net.
10:45 of 2nd period - Brendan Bell is hit by Pernell Karl Subban and loses puck.
11:13 of 2nd period - Snap shot by Petr Sykora.
11:13 of 2nd period - Stopped by Alex Auld with a rebound.
11:25 of 2nd period - Slapshot by Martin Hanzal.
11:25 of 2nd period - Stopped by Alex Auld with a rebound.
11:27 of 2nd period - Slapshot by Stanislav Neckar.
11:27 of 2nd period - Deflect By Clay Wilson.
11:27 of 2nd period - Stopped by Alex Auld without a rebound.
11:28 of 2nd period - Logan Couture wins face-off versus Patrick O'Sullivan in Little Stars zone.
11:29 of 2nd period - Wrist shot by Alexander Radulov.
11:29 of 2nd period - Stopped by Alex Auld with a rebound.
11:35 of 2nd period - Slapshot by Tim Ramholt.
11:35 of 2nd period - Deflect By Pierre Dagenais.
11:35 of 2nd period - Deflect By Alexander Radulov.
11:35 of 2nd period - Shot Misses the Net.
11:35 of 2nd period - Puck is out of play.
11:36 of 2nd period - Logan Couture wins face-off versus Patrick O'Sullivan in Manchots zone.
11:36 of 2nd period - Logan Couture is hit by Brendan Bell.
11:44 of 2nd period - Wrist shot by Pierre Dagenais.
11:44 of 2nd period - Stopped by Sebastien Caron without a rebound.
11:45 of 2nd period - Patrick O'Sullivan wins face-off versus Logan Couture in Manchots zone.
13:00 of 2nd period - Slapshot by Tim Ramholt.
13:00 of 2nd period - Shot Misses the Net.
13:02 of 2nd period - Slapshot by Corey Trivino.
13:02 of 2nd period - Stopped by Sebastien Caron without a rebound.
13:03 of 2nd period - Logan Couture wins face-off versus Alexander Vasyunov in Manchots zone.
13:07 of 2nd period - Icing by Alexander Radulov.
13:08 of 2nd period - Patrick O'Sullivan wins face-off versus Logan Couture in Manchots zone.
13:11 of 2nd period - Snap shot by Patrick O'Sullivan.
13:11 of 2nd period - Stopped by Sebastien Caron with a rebound.
13:23 of 2nd period - Snap shot by Marco Sturm.
13:23 of 2nd period - Shot Misses the Net.
13:37 of 2nd period - Wrist shot by Petr Sykora.
13:37 of 2nd period - Shot Misses the Net.
14:23 of 2nd period - Snap shot by Ruslan Fedotenko.
14:23 of 2nd period - Stopped by Alex Auld without a rebound.
14:24 of 2nd period - Logan Couture wins face-off versus Pierre Dagenais in Little Stars zone.
14:31 of 2nd period - Snap shot by Tyler Ennis.
14:31 of 2nd period - Shot Misses the Net.
14:33 of 2nd period - Wrist shot by Logan Couture.
14:33 of 2nd period - Stopped by Alex Auld without a rebound.
14:34 of 2nd period - Logan Couture wins face-off versus Patrick O'Sullivan in Little Stars zone.
14:35 of 2nd period - Slapshot by Tyler Ennis.
14:35 of 2nd period - Stopped by Alex Auld without a rebound.
14:36 of 2nd period - Alexander Radulov wins face-off versus Patrick O'Sullivan in Little Stars zone.
14:37 of 2nd period - Wrist shot by Tyler Ennis.
14:37 of 2nd period - Stopped by Alex Auld without a rebound.
14:38 of 2nd period - Patrick O'Sullivan wins face-off versus Logan Couture in Little Stars zone.
15:59 of 2nd period - Icing by Bryan Allen.
16:00 of 2nd period - Pierre Dagenais wins face-off versus Logan Couture in Manchots zone.
16:39 of 2nd period - Eric Gryba is hit by Matt Halischuk and loses puck.
16:50 of 2nd period - Wrist shot by Tyler Ennis.
16:50 of 2nd period - Stopped by Alex Auld with a rebound.
16:52 of 2nd period - Slapshot by Eric Gryba.
16:52 of 2nd period - Shot Misses the Net.
17:00 of 2nd period - Brendan Bell is hit by Tyler Ennis and loses puck.
17:09 of 2nd period - Snap shot by Alexander Radulov.
17:09 of 2nd period - Stopped by Alex Auld with a rebound.
17:11 of 2nd period - Snap shot by Bryan Allen.
17:11 of 2nd period - Shot Blocked by Brendan Bell.
17:13 of 2nd period - Snap shot by Eric Gryba.
17:13 of 2nd period - Shot Blocked by Tim Ramholt.
17:15 of 2nd period - Wrist shot by Logan Couture.
17:15 of 2nd period - Shot Blocked by Tim Ramholt.
17:17 of 2nd period - Snap shot by Tyler Ennis.
17:17 of 2nd period - Shot Misses the Net.
17:33 of 2nd period - Snap shot by Alexander Radulov.
17:33 of 2nd period - Shot Misses the Net.
17:35 of 2nd period - Slapshot by Eric Gryba.
17:35 of 2nd period - Stopped by Alex Auld with a rebound.
18:11 of 2nd period - Snap shot by Logan Couture.
18:11 of 2nd period - Shot Misses the Net.
18:13 of 2nd period - Slapshot by Eric Gryba.
18:13 of 2nd period - Stopped by Alex Auld without a rebound.
18:14 of 2nd period - Martin Hanzal wins face-off versus Pierre Dagenais in Little Stars zone.
18:15 of 2nd period - Snap shot by Petr Sykora.
18:15 of 2nd period - Stopped by Alex Auld without a rebound.
18:16 of 2nd period - Patrick O'Sullivan wins face-off versus Martin Hanzal in Little Stars zone.
18:16 of 2nd period - Patrick O'Sullivan is hit by Petr Sykora.
18:28 of 2nd period - Wrist shot by Pierre Dagenais.
18:28 of 2nd period - Deflect By Marco Sturm.
18:28 of 2nd period - Shot Misses the Net.
18:28 of 2nd period - Puck is out of play.
18:29 of 2nd period - Patrick O'Sullivan wins face-off versus Martin Hanzal in Manchots zone.
18:42 of 2nd period - Minor Penalty to Patrick O'Sullivan for Slashing.
18:43 of 2nd period - Jimmy Hayes wins face-off versus Martin Hanzal in Little Stars zone.
18:59 of 2nd period - Minor Penalty to Jimmy Hayes for Hooking.
19:00 of 2nd period - Cody Bass wins face-off versus Martin Hanzal in Little Stars zone.
3rd period
0:01 of 3rd period - Cody Bass wins face-off versus Martin Hanzal in neutral zone.
0:08 of 3rd period - Tyler Ennis is hit by Brendan Bell and loses puck.
0:13 of 3rd period - Wrist shot by Cody Bass.
0:13 of 3rd period - Stopped by Sebastien Caron with a rebound.
0:30 of 3rd period - Cody Bass is hit by Martin Hanzal and loses puck.
0:42 of 3rd period - Penalty to Patrick O'Sullivan is over, Patrick O'Sullivan is back on ice.
0:47 of 3rd period - Patrick O'Sullivan is hit by Martin Hanzal and loses puck.
0:56 of 3rd period - Snap shot by Martin Hanzal.
0:56 of 3rd period - Shot Blocked by Boris Valabik.
0:58 of 3rd period - Slapshot by Bryan Allen.
0:58 of 3rd period - Stopped by Alex Auld without a rebound.
0:59 of 3rd period - Penalty to Jimmy Hayes is over, Jimmy Hayes is back on ice.
0:59 of 3rd period - Patrick O'Sullivan wins face-off versus Riley Armstrong in Little Stars zone.
0:59 of 3rd period - Patrick O'Sullivan is hit by Riley Armstrong.
1:33 of 3rd period - Snap shot by Shawn Thornton.
1:33 of 3rd period - Shot Blocked by Michael Del Zotto.
1:55 of 3rd period - T.J. Oshie is hit by Ruslan Fedotenko and loses puck.
2:34 of 3rd period - Shawn Thornton is hit by Ben Eager and loses puck.
2:57 of 3rd period - Snap shot by Corey Trivino.
2:57 of 3rd period - Stopped by Sebastien Caron with a rebound.
2:59 of 3rd period - Backhand shot by Brendan Bell.
2:59 of 3rd period - Shot Misses the Net.
3:01 of 3rd period - Slapshot by Tim Ramholt.
3:01 of 3rd period - Shot Blocked by Bryan Allen.
3:11 of 3rd period - Backhand shot by T.J. Oshie.
3:11 of 3rd period - Shot Misses the Net.
3:13 of 3rd period - Slapshot by T.J. Oshie.
3:13 of 3rd period - Goal by T.J. Oshie - Manchots : 3 - Little Stars : 2.
3:14 of 3rd period - Patrick O'Sullivan wins face-off versus Martin Hanzal in neutral zone.
3:29 of 3rd period - Wrist shot by Patrick O'Sullivan.
3:29 of 3rd period - Stopped by Sebastien Caron without a rebound.
3:30 of 3rd period - Tyler Ennis wins face-off versus Cody Bass in Manchots zone.
3:38 of 3rd period - Slapshot by Alexander Radulov.
3:38 of 3rd period - Stopped by Alex Auld without a rebound.
3:39 of 3rd period - Cody Bass wins face-off versus Logan Couture in Little Stars zone.
3:56 of 3rd period - Snap shot by Alexander Radulov.
3:56 of 3rd period - Stopped by Alex Auld without a rebound.
3:57 of 3rd period - Patrick O'Sullivan wins face-off versus Martin Hanzal in Little Stars zone.
4:23 of 3rd period - Oskar Osala is hit by Tyler Ennis.
4:58 of 3rd period - Bryan Allen is hit by Shawn Thornton and loses puck.
5:42 of 3rd period - Slapshot by Jimmy Hayes.
5:42 of 3rd period - Stopped by Sebastien Caron with a rebound.
5:52 of 3rd period - Slapshot by Oskar Osala.
5:52 of 3rd period - Stopped by Sebastien Caron with a rebound.
6:21 of 3rd period - Tim Ramholt is hit by Martin Hanzal and loses puck.
6:26 of 3rd period - Slapshot by Martin Hanzal.
6:26 of 3rd period - Shot Misses the Net.
6:28 of 3rd period - Slapshot by Pernell Karl Subban.
6:28 of 3rd period - Shot Misses the Net.
6:40 of 3rd period - Backhand shot by Martin Hanzal.
6:40 of 3rd period - Shot Misses the Net.
6:42 of 3rd period - Slapshot by Jamie Benn.
6:42 of 3rd period - Shot Misses the Net.
6:44 of 3rd period - Slapshot by Petr Sykora.
6:44 of 3rd period - Shot Misses the Net.
6:46 of 3rd period - Wrist shot by Aaron Ward.
6:46 of 3rd period - Stopped by Alex Auld without a rebound.
6:47 of 3rd period - Cody Bass wins face-off versus Logan Couture in Little Stars zone.
7:12 of 3rd period - Stanislav Neckar is hit by Shawn Thornton and loses puck.
8:05 of 3rd period - Icing by Tyler Ennis.
8:06 of 3rd period - Riley Armstrong wins face-off versus Cody Bass in Manchots zone.
8:17 of 3rd period - Snap shot by Riley Armstrong.
8:17 of 3rd period - Stopped by Alex Auld without a rebound.
8:18 of 3rd period - Logan Couture wins face-off versus Patrick O'Sullivan in Little Stars zone.
8:48 of 3rd period - Slapshot by Aaron Ward.
8:48 of 3rd period - Stopped by Alex Auld with a rebound.
8:50 of 3rd period - Slapshot by Michael Del Zotto.
8:50 of 3rd period - Stopped by Alex Auld with a rebound.
8:52 of 3rd period - Snap shot by Riley Armstrong.
8:52 of 3rd period - Shot Misses the Net.
9:14 of 3rd period - Slapshot by Tim Ramholt.
9:14 of 3rd period - Shot Blocked by Eric Gryba.
9:26 of 3rd period - Wrist shot by Alexander Radulov.
9:26 of 3rd period - Stopped by Alex Auld without a rebound.
9:27 of 3rd period - Logan Couture wins face-off versus Corey Trivino in Little Stars zone.
9:52 of 3rd period - Boris Valabik is hit by Jamie Benn and loses puck.
10:04 of 3rd period - Off-side.
10:05 of 3rd period - Riley Armstrong wins face-off versus Cody Bass in neutral zone.
10:57 of 3rd period - Tyler Haskins is hit by Logan Couture and loses puck.
11:11 of 3rd period - Off-side.
11:12 of 3rd period - Corey Trivino wins face-off versus Tyler Kennedy in neutral zone.
11:37 of 3rd period - Martin Hanzal is hit by Pierre Dagenais and loses puck.
11:46 of 3rd period - Snap shot by Martin Hanzal.
11:46 of 3rd period - Shot Misses the Net.
11:48 of 3rd period - Slapshot by Pernell Karl Subban.
11:48 of 3rd period - Stopped by Alex Auld with a rebound.
12:45 of 3rd period - Tim Ramholt is hit by Michael Del Zotto and loses puck.
13:38 of 3rd period - Minor Penalty to Shawn Thornton for Holding.
13:39 of 3rd period - Martin Hanzal wins face-off versus Patrick O'Sullivan in Little Stars zone.
14:10 of 3rd period - Clay Wilson is hit by Logan Couture and loses puck.
14:27 of 3rd period - Slapshot by Boris Valabik.
14:27 of 3rd period - Stopped by Sebastien Caron with a rebound.
14:58 of 3rd period - Brendan Bell is hit by Logan Couture and loses puck.
15:38 of 3rd period - Penalty to Shawn Thornton is over, Shawn Thornton is back on ice.
15:45 of 3rd period - Snap shot by Matt Halischuk.
15:45 of 3rd period - Stopped by Sebastien Caron with a rebound.
15:47 of 3rd period - Snap shot by Tyler Haskins.
15:47 of 3rd period - Stopped by Sebastien Caron with a rebound.
15:49 of 3rd period - Slapshot by Jared Spurgeon.
15:49 of 3rd period - Stopped by Sebastien Caron with a rebound.
16:25 of 3rd period - Snap shot by Cal Clutterbuck.
16:25 of 3rd period - Stopped by Alex Auld with a rebound.
17:42 of 3rd period - Corey Trivino is hit by Bobby Butler and loses puck.
19:00 of 3rd period - Little Stars, Alex Auld is pulled from the net.
19:19 of 3rd period - Snap shot by Pierre Dagenais.
19:19 of 3rd period - Deflect By Patrick O'Sullivan.
19:19 of 3rd period - Stopped by Sebastien Caron with a rebound.
19:37 of 3rd period - Snap shot by Pierre Dagenais.
19:37 of 3rd period - Stopped by Sebastien Caron with a rebound.
19:39 of 3rd period - Snap shot by Pierre Dagenais.
19:39 of 3rd period - Shot Blocked by Ruslan Fedotenko.
19:41 of 3rd period - Wrist shot by Pierre Dagenais.
19:41 of 3rd period - Shot Blocked by Bryan Allen.
19:43 of 3rd period - Slapshot by Cameron Schilling.
19:43 of 3rd period - Deflect By Pierre Dagenais.
19:43 of 3rd period - Shot Misses the Net.
19:43 of 3rd period - Puck is out of play.
19:44 of 3rd period - Ron Wilson call a timeout for Little Stars.
19:44 of 3rd period - Patrick O'Sullivan wins face-off versus Tyler Kennedy in Manchots zone.
Output by the SimonT Hockey Simulator (STHS) for François Prévost -- Original Page W3C XHTML 1.0 Valid